 Dungeon Crawl Stone Soup version 0.27.1-33-g824d729ab1 (webtiles) character file.

Game seed: 16084161854109022046

436 demibob the Poker (level 6, -7/37 HPs)
             Began as a Demonspawn Chaos Knight on Nov 26, 2021.
             Was a Plaything of Xom.
             Mangled by an ogre (17 damage)
             ... on level 4 of the Dungeon.
             The game lasted 00:06:40 (3621 turns).

demibob the Poker (Demonspawn Chaos Knight)         Turns: 3621, Time: 00:06:40

Health: -7/37      AC: 11    Str: 14    XL:     6   Next: 69%
Magic:  6/6        EV: 11    Int: 14    God:    Xom [*.....]
Gold:   232        SH:  0    Dex: 10    Spells: 5/5 levels left

rFire    . . .     SeeInvis .   a - +0 spear (chaos)
rCold    . . .     Faith    .   (no shield)
rNeg     . . .     Spirit   .   b - +2 leather armour
rPois    .         Reflect  .   e - +2 helmet
rElec    .         Harm     .   (no cloak)
rCorr    +         Rampage  .   (no gloves)
Will     .....                  c - +0 pair of boots
Stlth    +.........             (no amulet)
HPRegen  0.12/turn              R - ring of resist corrosion
MPRegen  0.10/turn              (no ring)

@: lethally poisoned (-7 -> -10), unable to read, invisible
A: icy blue scales 1, ignite blood 1, demonic magic 1, clumsy 1, frail 2,
passive freeze, wild magic 1, inability to read while threatened
a: Renounce Religion


You were on level 4 of the Dungeon.
You worshipped Xom.
You were a special plaything of Xom.
You visited 1 branch of the dungeon, and saw 4 of its levels.

You collected 232 gold pieces.


Innate Abilities, Weirdness & Mutations

You are partially covered in icy blue scales. (AC +2)
Your demonic aura sometimes causes spilled blood to erupt in flames.
Spells you cast may paralyse adjacent enemies.
You are clumsy. (Dex -2)
You are very frail. (-20% HP)
A frigid envelope surrounds you and freezes all who hurt you.
Your spells are a little harder to cast, but a little more powerful.
You sometimes lose the ability to read scrolls when taking damage.


   Skills:
 - Level 3.0 Fighting
 + Level 7.0 Polearms
 - Level 1.7 Armour
 - Level 0.8 Dodging


You had 5 spell levels left.
You didn't know any spells.
Your spell library contained the following spells:

 Spells                   Type           Power      Damage    Failure   Level
 Summon Small Mammal      Summ           0%         N/A       43%         1
 Call Canine Familiar     Summ           0%         N/A       78%         3
 Summon Guardian Golem    Hex/Summ       0%         N/A       78%         3
 Petrify                  Tmut/Erth      0%         N/A       99%         4
 Metabolic Englaciation   Hex/Ice        0%         N/A       100%        5
 Statue Form              Tmut/Erth      0%         N/A       100%        6

Inventory:

Hand Weapons
 a - a +0 spear of chaos (weapon)
Missiles
 h - 5 poisoned darts (quivered)
Armour
 b - a +2 leather armour (worn)
 c - a +0 pair of boots (worn)
 e - a +2 helmet (worn)
Jewellery
 R - a ring of resist corrosion (left hand)
Scrolls
 d - a scroll of teleportation {@r2}
 g - a scroll of magic mapping
Potions
 i - a potion of curing {unknown}
 j - a potion of haste {unknown}
 k - a potion of cancellation {unknown}

Dungeon Overview and Level Annotations

Branches:
Dungeon (4/15)             Temple (0/1) D:4

Altars:
Ashenzari
Zin

Shops:
D:1 *   D:2 (

Annotations:
D:4 1 transporter, Baconl0rd's ghost, amateur DjIE

......# .....# #....#
....# ##...##
#...####........
#...##...........##
#§§§#......<......#
#§O#.............#
#@§#.............#
#................#
#...#.............
#####....#......).....
#........#............
#.........#...........
#.........##....####.#
#......>...######..†.#
#..........# ........#


You could see an ogre.


Message History

The ogre is very cold.
The ogre is lightly wounded.
You hit the ogre. You freeze the ogre.
The ogre is moderately wounded.
You barely miss the ogre.
The ogre is moderately wounded.
The ogre hits you with a +0 giant club!
You emit a cloud of colourful smoke!
The ogre is very cold.
The ogre is moderately wounded.
You hit the ogre. You burn the ogre.
The ogre is heavily wounded.
The adder barely misses you.
You barely miss the ogre.
The ogre is heavily wounded.
The ogre hits you with a +0 giant club!
You feel threatened and lose the ability to read scrolls!
* * * LOW HITPOINT WARNING * * *
The ogre is very cold.
The ogre is severely wounded.
The adder bites you.
* * * LOW HITPOINT WARNING * * *
You are poisoned.
The adder poisons you!
The adder is very cold.
The adder is moderately wounded.
You fade into invisibility!
You feel sick. The adder bites you but does no damage.
The adder is very cold.
You kill the adder!
The ogre hits you with a +0 giant club!
You die...

Skill      XL: |  1  2  3  4  5  6 |
---------------+-------------------+-----
Polearms       | 3 4 5 6 7 |  7.0
Fighting       | |  3.0
Armour         | |  1.7
Dodging        | |  0.8

Action                   |  1- 3 |  4- 6 || total
-------------------------+-------+-------++-------
Melee: Spear             |   122 |   129 ||   251
Throw: Dart              |       |     4 ||     4
  Use: Scroll            |     1 |     4 ||     5
       Potion            |     3 |     1 ||     4
 Stab: Sleeping          |     2 |       ||     2
       Paralysed         |       |     3 ||     3
Armor: Leather armour    |    62 |    43 ||   105
Dodge: Dodged            |    70 |    27 ||    97

Levels and vault maps discovered:
D:1:      dpeg_arrival_concentric_ovals, layout_basic, serial_shops,
          shop_fountains
D:2:      layout_rooms, hellmonk_ecumenical_altar_crossroads, serial_shops,
          nicolae_shop_waterfront, uniq_robin, uniq_natasha
D:3:      layout_loops_corners, zin_angel
D:4:      minmay_angry_zag, layout_cave_pods, ashenzari_altar_1,
          minmay_temple_entry_waves, gammafunk_ghost_smash,
          minmay_misc_feat_rugged

Notes
Turn   | Place    | Note
-------+----------+-------------------------------------------
     0 | D:1      | demibob the Demonspawn Chaos Knight began the quest for the
                  | Orb.
     0 | D:1      | Reached XP level 1. HP: 18/18 MP: 1/1
    51 | D:1      | Found Oqeiprix's General Store.
   157 | D:1      | XOM: divination: detect items
   195 | D:1      | Reached skill level 3 in Polearms
   289 | D:1      | XOM: potion effect (might)
   291 | D:1      | Gained mutation: Your demonic aura sometimes causes spilled
                  | blood to erupt in flames. [demonic ancestry]
   291 | D:1      | Reached XP level 2. HP: 24/24 MP: 2/2
   427 | D:1      | XOM: silly message
   430 | D:1      | XOM: divination: magic mapping
   503 | D:1      | XOM: divination: magic mapping
   552 | D:1      | XOM: divination: detect creatures
   790 | D:2      | Gained mutation: You are partially covered in icy blue
                  | scales. (AC +2) [demonic ancestry]
   790 | D:2      | Reached XP level 3. HP: 26/29 MP: 3/3
   794 | D:2      | XOM: summons 3 hostile shadow creatures
   857 | D:2      | Noticed Robin
   869 | D:2      | XOM: enchant monster (bad)
   871 | D:2      | Killed Robin
   872 | D:2      | Reached skill level 4 in Polearms
   876 | D:2      | XOM: summons 2 hostile demons
   889 | D:2      | XOM: smoke on damage
  1075 | D:1      | XOM: torment (11/29 hp)
  1264 | D:1      | XOM: give mutations
  1264 | D:1      | Gained mutation: You are frail. (-10% HP) [Xom's mischief]
  1264 | D:1      | Gained mutation: Your flesh is heat resistant. (rF+) [Xom's
                  | mischief]
  1264 | D:1      | Gained mutation: You are clumsy. (Dex -2) [Xom's mischief]
  1279 | D:2      | XOM: 1-stop teleportation journey
  1356 | D:2      | Found a faded altar of an unknown god.
  1463 | D:2      | Found Todu's Antique Weapon Emporium.
  1463 | D:2      | Noticed Natasha
  1464 | D:2      | XOM: butterfly on damage
  1478 | D:2      | Killed Natasha
  1479 | D:2      | Gained mutation: Spells you cast may paralyse adjacent
                  | enemies. [demonic ancestry]
  1479 | D:2      | Reached XP level 4. HP: 13/31 MP: 4/4
  1548 | D:2      | XOM: give mutations
  1548 | D:2      | Lost mutation: Your flesh is heat resistant. (rF+) [Xom's
                  | mischief]
  1548 | D:2      | Lost mutation: You are clumsy. (Dex -2) [Xom's mischief]
  1548 | D:2      | Gained mutation: You sometimes lose the ability to read
                  | scrolls when taking damage. [Xom's mischief]
  1548 | D:2      | Gained mutation: You are clumsy. (Dex -2) [Xom's mischief]
  1757 | D:2      | Noticed Natasha
  1767 | D:2      | Killed Natasha
  1768 | D:2      | Reached skill level 5 in Polearms
  2193 | D:3      | Reached XP level 5. HP: 36/36 MP: 5/5
  2239 | D:3      | Noticed an angel
  2622 | D:3      | XOM: give mutations
  2622 | D:3      | Gained mutation: You are very clumsy. (Dex -4) [Xom's
                  | mischief]
  2622 | D:3      | Gained mutation: Your spells are a little harder to cast,
                  | but a little more powerful. [Xom's mischief]
  2622 | D:3      | Gained mutation: A frigid envelope surrounds you and
                  | freezes all who hurt you. [Xom's mischief]
  2622 | D:3      | Lost mutation: You are very clumsy. (Dex -4) [Xom's
                  | mischief]
  2835 | D:3      | XOM: god gift: 16 stones
  2847 | D:4      | Noticed an ogre
  2847 | D:4      | XOM: summons 5 friendly demons
  2851 | D:4      | Killed an ogre
  2855 | D:4      | Reached skill level 6 in Polearms
  2898 | D:4      | Found a broken altar of Ashenzari.
  2993 | D:4      | Reached XP level 6. HP: 42/42 MP: 6/6
  3082 | D:4      | Found a transporter.
  3083 | D:4      | Noticed Baconl0rd's ghost (amateur DjIE)
  3157 | D:4      | Found a staircase to the Ecumenical Temple.
  3552 | D:4      | XOM: give mutations
  3552 | D:4      | Gained mutation: You are very frail. (-20% HP) [Xom's
                  | mischief]
  3552 | D:4      | Gained mutation: You are very clumsy. (Dex -4) [Xom's
                  | mischief]
  3552 | D:4      | Lost mutation: You are very clumsy. (Dex -4) [Xom's
                  | mischief]
  3555 | D:4      | Reached skill level 7 in Polearms
  3617 | D:4      | XOM: smoke on damage
  3621 | D:4      | Mangled by an ogre

Vanquished Creatures
  An ogre (D:4)
  2 orc priests (D:4)
  An iguana (D:4)
  2 orc wizards (D:4)
  Natasha (twice) (D:2)
  2 hound skeletons (D:4)
  Robin (D:2)
  5 adders
  A worm (D:2)
  3 orcs
  8 endoplasms
  2 giant cockroaches
  7 goblins
  8 hobgoblins
  5 kobolds
  6 quokkas
  7 ball pythons
  10 bats
  3 frilled lizards
  A quokka skeleton (D:4)
  6 rats
83 creatures vanquished.

Vanquished Creatures (collateral kills)
  A howler monkey (D:4)
  An adder (D:4)
  5 goblins (D:2)
  A hobgoblin (D:2)
8 creatures vanquished.

Grand Total: 91 creatures vanquished

Table legend: (Time is in decaauts)
 A = Elapsed time spent in this place.
 B = Non-inter-level travel time spent in this place.
 C = Inter-level travel time spent in this place.
 D = Time resting spent in this place.
 E = Time spent auto-exploring this place.
 F = Levels seen in this place.
 G = Mean time per level.
                   A        B        C        D        E       F      G
               +--------+--------+--------+--------+--------+-----+--------+
         Total |   3585 |   3516 |     69 |    616 |   2360 |   4 |  896.2 |
       Dungeon |   3585 |   3516 |     69 |    616 |   2360 |   4 |  896.2 |
               +--------+--------+--------+--------+--------+-----+--------+

Top non-repeatable levels by time:
     D:1: 1100 daAuts
     D:3: 925 daAuts
     D:2: 800 daAuts
     D:4: 759 daAuts

Table legend:
 A = Non-vault XP
 B = Vault XP
 C = Vault XP percentage of total XP
 D = Non-vault monster count
 E = Vault monster count
 F = Vault count percentage of total count
                 A         B        C        D         E       F
            +---------+---------+-------+---------+---------+-------
      Total |     568 |      69 |  10.8 |      76 |      15 |  16.5
            +---------+---------+-------+---------+---------+-------
        D:1 |      23 |       2 |   8.0 |      15 |       1 |   6.2
        D:2 |      87 |      62 |  41.6 |      23 |      11 |  32.4
        D:3 |      31 |       0 |   0.0 |      17 |       0 |   0.0
        D:4 |     427 |       5 |   1.2 |      21 |       3 |  12.5
            +---------+---------+-------+---------+---------+-------
